 Dungeon Crawl Stone Soup version 0.31-a0-1388-g4b2ba238e7 (webtiles) character file.

Game seed: 16630264054186935629

8 wildpjah the Ducker (level 2, -1/22 HPs)
             Began as a Demonspawn Gladiator on Dec 24, 2023.
             Slain by a quokka (4 damage)
             ... on level 1 of the Dungeon.
             The game lasted 00:00:12 (52 turns).

wildpjah the Ducker (Demonspawn Gladiator)            Turns: 52, Time: 00:00:12

Health: -1/22      AC:  3    Str: 14    XL:     2   Next: 0%
Magic:  2/2        EV: 12    Int:  8    God:
Gold:   8          SH:  0    Dex: 14    Spells: 1/1 levels left

rFire   . . .        a - +0 long sword
rCold   . . .        (no shield)
rNeg    . . .        b - +0 leather armour
rPois   .            (helmet restricted)
rElec   .            (no cloak)
rCorr   .            (no gloves)
SInv    .            (no boots)
Will    .....        (no amulet)
Stlth   +            (no ring)
HPRegen 0.23/turn    (no ring)
MPRegen 0.08/turn

%: no passive effects
@: no status effects
A: horns 1
a: no special abilities


You were on level 1 of the Dungeon.
You visited 1 branch of the dungeon, and saw 1 of its levels.

You collected 8 gold pieces.

Inventory:

Hand Weapons
 a - a +0 long sword (weapon)
Missiles
 d - 3 throwing nets (quivered)
 e - a javelin
Armour
 b - a +0 leather armour (worn)
 c - a +0 helmet
Jewellery
 f - a ring of flight


   Skills:
 + Level 2.0 Fighting
 + Level 2.9 Long Blades
 + Level 1.8 Throwing
 + Level 2.9 Dodging


You had one spell level left.
You didn't know any spells.
Your spell library was empty.

Dungeon Overview and Level Annotations

Branches:
Dungeon (1/15)

Altars:


Innate Abilities, Weirdness & Mutations

You have a pair of small horns on your head.


Message History

The kobold hits you with a +0 dagger.
A kobold comes into view. It is wielding a +0 club.
You hit the kobold.
The kobold is moderately wounded.
The kobold hits you with a +0 dagger.
The quokka twitches its whiskers.
You miss the kobold.
The kobold is moderately wounded.
The kobold hits you with a +0 dagger. The kobold misses you.
You slash the kobold!
You kill the kobold!
The kobold closely misses you. The quokka barely misses you.
You closely miss the quokka. The kobold hits you with a +0 club.
The quokka barely misses you. The dart slug closely misses you.
You hit the dart slug.
The dart slug is lightly wounded.
The quokka barely misses you. The kobold hits you with a +0 club.
The dart slug bites you.
* * * LOW HITPOINT WARNING * * *
The quokka closely misses you.
You slash the dart slug!
You kill the dart slug!
The kobold barely misses you. The quokka barely misses you.
The kobold closely misses you.
You have reached level 2!
Your demonic ancestry asserts itself...
A pair of horns grows on your head!
Your +0 helmet falls away!
You closely miss the quokka. The quokka barely misses you.
The kobold misses you.
You hit the quokka. Your headbutt misses the quokka.
The quokka is moderately wounded.
The quokka bites you but does no damage.
The kobold hits you with a +0 club.
* * * LOW HITPOINT WARNING * * *
The quokka closely misses you.
You barely miss the quokka.
The quokka is moderately wounded.
The quokka bites you.
You die...

#..# ##......#
#....
#.####......#
#...
#..........##
#.####......##
#.. ##......##
##. ##......##
.. ##..)...##
. #.
##......#....
#.
##..@K......
##.r)......
##...>...#
##.....##
#...## ..$..
#.#### .#


You could see a quokka and a kobold.

Vanquished Creatures
  A dart slug (D:1)
  A ball python (D:1)
  A goblin (D:1)
  A hobgoblin (D:1)
  A kobold (D:1)
5 creatures vanquished.

Notes
Turn   | Place    | Note
-------+----------+-------------------------------------------
     0 | D:1      | wildpjah the Demonspawn Gladiator began the quest for the
                  | Orb.
     0 | D:1      | Reached XP level 1. HP: 16/16 MP: 1/1
    50 | D:1      | Gained mutation: You have a pair of small horns on your
                  | head. [demonic ancestry]
    50 | D:1      | Reached XP level 2. HP: 5/22 MP: 2/2
    52 | D:1      | Slain by a quokka

Illustrated notes

Levels and vault maps discovered:
D:1:      dpeg_arrival_central, layout_loops_ring, basic_ecumenical_altar,
          minmay_quantized

Action                     || total
---------------------------++-------
  Melee: Long sword        ||    15
 Armour: Leather armour    ||    10
  Dodge: Dodged            ||    18

Table legend: (Time is in decaauts)
 A = Elapsed time spent in this place.
 B = Non-inter-level travel time spent in this place.
 C = Inter-level travel time spent in this place.
 D = Time resting spent in this place.
 E = Time spent auto-exploring this place.
 F = Levels seen in this place.
 G = Mean time per level.
                   A        B        C        D        E       F      G
               +--------+--------+--------+--------+--------+-----+--------+
         Total |     55 |     55 |      0 |      0 |     24 |   1 |   55.0 |
       Dungeon |     55 |     55 |      0 |      0 |     24 |   1 |   55.0 |
               +--------+--------+--------+--------+--------+-----+--------+

Top non-repeatable levels by time:
     D:1: 55 daAuts
